 Dungeon Crawl Stone Soup version 0.21.1-1-g345015fe64 (webtiles) character file.

698 Lennu the Chopper (level 7, 61/61 HPs)
             Began as a Hill Orc Fighter on May 30, 2018.
             Quit the game on level 5 of the Dungeon.
             The game lasted 00:06:53 (5226 turns).

Lennu the Chopper (Hill Orc Fighter)                Turns: 5226, Time: 00:06:53

Health: 61/61      AC:  7    Str: 19    XL:     7   Next: 65%
Magic:  7/7        EV:  8    Int:  8    God:
Gold:   140        SH:  9    Dex: 12    Spells: 6/6 levels left

rFire    . . .     SeeInvis .   s - +2 hand axe (elec)
rCold    . . .     Gourm    .   c - +0 shield
rNeg     . . .     Faith    .   b - +0 scale mail
rPois    .         Spirit   .   (no helmet)
rElec    .         Reflect  .   (no cloak)
rCorr    .         Harm     .   (no gloves)
MR       .....                  (no boots)
Stlth    ..........             (no amulet)
HPRegen  0.20/turn              h - ring of flight
MPRegen  0.10/turn              (no ring)

@: no status effects
A: no striking features
a: Convert to Beogh, Evoke Flight


You were on level 5 of the Dungeon.
You were not hungry.

You visited 1 branch of the dungeon, and saw 5 of its levels.

You collected 140 gold pieces.

Inventory:

Hand Weapons
 a - a +0 war axe
 s - a +2 hand axe of electrocution (weapon)
Armour
 b - a +0 scale mail (worn)
 c - a +0 shield (worn)
Jewellery
 h - a ring of flight (left hand)
Wands
 l - a wand of polymorph (20)
Scrolls
 e - 4 scrolls of remove curse
 g - 8 scrolls of identify
 n - 2 scrolls of noise {unknown}
 o - a scroll of fog {unknown}
 p - 2 scrolls of teleportation {unknown}
 t - a scroll of magic mapping {unknown}
 w - 2 scrolls of immolation {unknown}
Potions
 d - 3 potions of might
 i - 5 potions of curing {unknown}
 j - a potion of haste
 k - 5 potions of agility
 m - a potion of brilliance {unknown}
 q - a potion of ambrosia {unknown}
 r - 2 potions of lignification {unknown}
 u - a potion of mutation {unknown}
 v - 2 potions of heal wounds {unknown}
Comestibles
 f - 13 rations
 x - 2 chunks of flesh


   Skills:
 * Level 5.2 Fighting
 * Level 6.4 Axes
 * Level 5.5 Armour
 * Level 2.0 Dodging
 + Level 0.4 Stealth
 * Level 4.5 Shields
 + Level 0.9 Unarmed Combat


You had 6 spell levels left.
You didn't know any spells.

Dungeon Overview and Level Annotations

Branches:
Dungeon (5/15)
 Temple: D:4-7

Altars:
Dithmenos
Sif Muna
Wu Jian
Xom
Zin


Message History

The bullfrog skeleton is almost destroyed.
The bullfrog skeleton hits you but does no damage.
You block the bullfrog skeleton's attack.
You hit the bullfrog skeleton.
You destroy the bullfrog skeleton!
No target in view!
No target in view!
No target in view!
No target in view!
No target in view!
No target in view!
No target in view!
No target in view!
No target in view!
An orc priest comes into view. It is wielding a dagger.
An iguana comes into view.
The iguana hisses angrily.
Found 9 gold pieces.
Unknown command.
Are you sure you want to abandon this character and quit the game? (Confirm with "yes".)

..............
.....................###
.....................##.
..............[......<#.
...o.................##.
............[........##.
......................#.
.l....................#.
.......@.(............#.
......................##
##...###########..###.##
...$ #.......... ...
####........## ..
#.......#..... #
#.............
#.............
#.......###.##


You could see an iguana and an orc priest.

Vanquished Creatures
  2 ogres (D:4)
  A scorpion (D:4)
  A howler monkey (D:4)
  An orc priest (D:4)
  3 hounds
  3 iguanas
  A bullfrog skeleton (D:5)
  Terence (D:3)
  3 worker ants (D:4)
  3 adders (D:3)
  A gnoll (D:1)
  A howler monkey skeleton (D:4)
  An adder skeleton (D:4)
  2 worms (D:2)
  2 dart slugs
  6 orcs
  3 giant cockroaches (D:1)
  6 goblins
  5 hobgoblins
  3 jackals (D:5)
  6 kobolds
  A quokka (D:3)
  3 ball pythons
  7 bats
  8 frilled lizards
  A jackal skeleton (D:5)
  A quokka skeleton (D:4)
  7 rats
83 creatures vanquished.

Notes
Turn   | Place    | Note
-------+----------+-------------------------------------------
     0 | D:1      | Lennu the Hill Orc Fighter began the quest for the Orb.
     0 | D:1      | Reached XP level 1. HP: 19/19 MP: 1/1
   176 | D:1      | Reached XP level 2. HP: 27/27 MP: 2/2
   343 | D:1      | Reached skill level 3 in Axes
   444 | D:1      | Reached XP level 3. HP: 33/33 MP: 3/3
   977 | D:2      | Found a shadowy altar of Dithmenos.
  1422 | D:2      | Reached skill level 1 in Dodging
  1644 | D:2      | Reached XP level 4. HP: 39/40 MP: 4/4
  1936 | D:2      | Found a shimmering altar of Xom.
  3088 | D:3      | Found a glowing silver altar of Zin.
  3100 | D:3      | Noticed Terence
  3123 | D:3      | Killed Terence
  3369 | D:3      | Reached XP level 5. HP: 46/46 MP: 5/5
  3546 | D:4      | Reached skill level 4 in Axes
  3560 | D:4      | Noticed an ogre
  3565 | D:4      | Killed an ogre
  3565 | D:4      | Reached XP level 6. HP: 34/53 MP: 6/6
  3644 | D:4      | Reached skill level 5 in Axes
  3644 | D:4      | Reached skill level 5 in Armour
  3873 | D:4      | Reached XP level 7. HP: 32/60 MP: 7/7
  4090 | D:4      | Reached skill level 5 in Fighting
  4229 | D:4      | Reached skill level 6 in Axes
  4831 | D:4      | Found a deep blue altar of Sif Muna.
  4890 | D:4      | Found an ornate altar of the Wu Jian Council.
  4942 | D:5      | Entered Level 5 of the Dungeon
  5226 | D:5      | Quit the game

Skill      XL: |  1  2  3  4  5  6  7 |
---------------+----------------------+-----
Axes           | 3 4 5 6 |  6.4
Fighting       | 4 5 |  5.2
Dodging        | 1 2 |  2.0
Armour         | 4 5 |  5.5
Shields        | 4 |  4.5
Stealth        | |  0.4
Unarmed Combat | |  0.9

Action                   |  1- 3 |  4- 6 |  7- 9 || total
-------------------------+-------+-------+-------++-------
Melee: War axe           |   122 |    54 |       ||   176
       Unarmed           |       |     7 |       ||     7
       Hand axe          |       |    39 |    46 ||    85
  Use: Scroll            |     3 |       |       ||     3
 Stab: Confused          |       |     1 |       ||     1
  Eat: Chunk             |     2 |     8 |     4 ||    14
Armor: Scale mail        |    48 |    35 |    14 ||    97
Dodge: Dodged            |    46 |    28 |     9 ||    83
Block: Shield            |    67 |    48 |    18 ||   133
